[ PARTIDA AOE2 · #493735594 ]
UnrankedMongoles vs Britons
Equipo del jugador · VICT
Equipo rival · DERR
[ ANÁLISIS DE REPETICIÓN · EXTRAÍDO DE LA PARTIDA GRABADA ]
Feudal
12:37
Castillos
17:22
Imperial
26:43
| APM promedio | 43.8 |
| APM pico | 88 |
| eAPM promedio | 14.8 |
| Aldeanos / militares | 38 / 11 |
Foco
⚔️ 29.9% · 🌾 70.1%
Mangudai ×8 · Fishing Ship ×6 · Fire Galley ×2 · Trebuchet (Packed) ×1
Feudal
14:13
Castillos
18:13
Imperial
—
| APM promedio | 44.6 |
| APM pico | 91 |
| eAPM promedio | 20.0 |
| Aldeanos / militares | 52 / 21 |
Foco
⚔️ 28.7% · 🌾 71.3%
Longbowman ×18 · Fishing Ship ×13 · Galley ×3
Mapa de la partida
Recursos iniciales + cada clic de construcción. Líneas = muros · curvas = relieve. ◆ oro · ⬟ piedra · ● bayas · ✦ reliquia · ◌ hueco del cierre
Tu base· Abierta — flanco sin cerrar
Base de 3szz· Abierta — flanco sin cerrar
Terreno inicial suavizado · ◌ = hueco del cierre detectado · pasá el cursor para detalles
Inputs por minuto
— flxpa21 - - 3szz
Build order — flxpa21
94 acciones detectadas en el replay
| 0:31 | Construir | Town Center |
| 0:54 | Construir | Palisade Wall |
| 1:01 | Construir | Dock |
| 1:03 | Construir | House |
| 1:05 | Construir | Palisade Wall |
| 2:30 | Encolar | Villager (Male) ×4 |
| 3:32 | Encolar | Fishing Ship |
| 3:51 | Construir | House |
| 4:02 | Encolar | Villager (Male) |
| 4:31 | Investigar | Loom |
| 4:50 | Encolar | Villager (Male) |
| 5:11 | Encolar | Villager (Male) |
| 5:15 | Encolar | Fishing Ship |
| 5:32 | Construir | House |
| 5:49 | Encolar | Villager (Male) |
| 6:05 | Encolar | Villager (Male) |
| 6:16 | Construir | House |
| 6:21 | Encolar | Villager (Male) |
| 6:21 | Encolar | Villager (Male) |
| 6:36 | Construir | House |
| 6:44 | Encolar | Villager (Male) |
| 6:53 | Encolar | Fishing Ship |
| 7:06 | Encolar | Villager (Male) |
| 7:24 | Encolar | Villager (Male) |
| 7:44 | Encolar | Villager (Male) |
| 8:04 | Encolar | Villager (Male) |
| 8:04 | Encolar | Villager (Male) |
| 8:16 | Construir | Mill |
| 8:34 | Encolar | Villager (Male) |
| 8:44 | Encolar | Villager (Male) |
| 8:47 | Encolar | Fishing Ship |
| 8:49 | Construir | House |
| 8:59 | Construir | House |
| 9:11 | Construir | House |
| 9:31 | Encolar | Villager (Male) |
| 9:56 | Encolar | Fishing Ship |
| 10:04 | Construir | Mining Camp |
| 10:27 | Investigar | Feudal Age |
| 10:43 | Encolar | Fishing Ship |
| 10:46 | Construir | House |
| 11:09 | Construir | House |
| 11:54 | Encolar | Villager (Male) |
| 12:07 | Construir | House |
| 12:37 | Edad | Edad Feudal |
| 12:52 | Construir | Market |
| 12:56 | Encolar | Villager (Male) |
| 12:56 | Encolar | Villager (Male) |
| 13:00 | Construir | House |
| 13:16 | Construir | House |
| 13:25 | Construir | Blacksmith |
| 13:29 | Encolar | Villager (Male) |
| 13:32 | Construir | House |
| 13:45 | Encolar | Villager (Male) |
| 13:52 | Encolar | Villager (Male) |
| 14:39 | Investigar | Castle Age |
| 15:43 | Construir | Lumber Camp |
| 15:59 | Encolar | Villager (Male) |
| 15:59 | Encolar | Villager (Male) |
| 16:03 | Investigar | Fletching |
| 16:53 | Investigar | Double-Bit Axe |
| 17:09 | Investigar | Stone Mining |
| 17:11 | Investigar | Gold Mining |
| 17:22 | Edad | Edad de los Castillos |
| 17:32 | Construir | Castle |
| 17:43 | Investigar | Bow Saw |
| 17:45 | Encolar | Villager (Male) |
| 17:59 | Investigar | Bodkin Arrow |
| 18:13 | Encolar | Villager (Male) |
| 18:39 | Encolar | Villager (Male) |
| 18:56 | Encolar | Mangudai |
| 19:03 | Encolar | Mangudai |
| 19:16 | Encolar | Mangudai |
| 19:24 | Encolar | Villager (Male) |
| 20:11 | Encolar | Villager (Male) |
| 20:11 | Encolar | Villager (Male) |
| 20:35 | Encolar | Mangudai |
| 20:36 | Encolar | Mangudai |
| 20:53 | Encolar | Fire Galley |
| 21:19 | Encolar | Villager (Male) |
| 21:19 | Encolar | Villager (Male) |
| 21:45 | Encolar | Villager (Male) |
| 22:55 | Construir | House |
| 23:33 | Investigar | Imperial Age |
| 24:11 | Encolar | Fire Galley |
| 24:34 | Construir | Barracks |
| 25:02 | Encolar | Mangudai |
| 25:02 | Encolar | Mangudai |
| 25:51 | Construir | Castle |
| 25:55 | Encolar | Villager (Male) |
| 25:58 | Encolar | Mangudai |
| 26:00 | Construir | Stable |
| 26:43 | Edad | Edad Imperial |
| 26:44 | Encolar | Trebuchet (Packed) |
| 26:48 | Construir | Lumber Camp |
Build order — 3szz
134 acciones detectadas en el replay
| 0:33 | Construir | Dock |
| 0:38 | Construir | Town Center |
| 0:51 | Construir | House |
| 2:37 | Encolar | Villager (Male) |
| 2:38 | Encolar | Villager (Male) |
| 2:38 | Encolar | Villager (Male) |
| 2:38 | Encolar | Villager (Male) |
| 3:41 | Encolar | Villager (Male) |
| 3:42 | Encolar | Fishing Ship |
| 3:42 | Encolar | Fishing Ship |
| 3:56 | Construir | House |
| 4:01 | Construir | House |
| 4:43 | Encolar | Fishing Ship |
| 4:49 | Encolar | Villager (Male) |
| 5:15 | Encolar | Villager (Male) |
| 5:35 | Encolar | Villager (Male) |
| 5:56 | Construir | House |
| 6:01 | Encolar | Villager (Male) |
| 6:03 | Encolar | Fishing Ship |
| 6:22 | Encolar | Villager (Male) |
| 6:49 | Encolar | Fishing Ship |
| 7:03 | Encolar | Villager (Male) |
| 7:05 | Encolar | Fishing Ship |
| 7:22 | Encolar | Villager (Male) |
| 7:22 | Encolar | Villager (Male) |
| 7:24 | Investigar | Loom |
| 7:24 | Encolar | Villager (Male) |
| 7:36 | Construir | House |
| 7:40 | Encolar | Villager (Male) |
| 7:40 | Encolar | Villager (Male) |
| 7:56 | Encolar | Villager (Male) |
| 8:03 | Encolar | Fishing Ship |
| 8:26 | Encolar | Fishing Ship |
| 8:27 | Encolar | Fishing Ship |
| 8:30 | Encolar | Villager (Male) |
| 8:30 | Encolar | Villager (Male) |
| 8:30 | Encolar | Villager (Male) |
| 8:42 | Encolar | Villager (Male) |
| 8:46 | Construir | House |
| 9:02 | Construir | House |
| 9:09 | Encolar | Villager (Male) |
| 9:26 | Encolar | Fishing Ship |
| 10:14 | Construir | Dock |
| 10:19 | Encolar | Villager (Male) |
| 10:24 | Encolar | Fishing Ship |
| 10:50 | Encolar | Fishing Ship |
| 10:52 | Encolar | Villager (Male) |
| 10:54 | Construir | Palisade Wall |
| 11:09 | Encolar | Fishing Ship |
| 11:15 | Construir | House |
| 11:28 | Construir | Mining Camp |
| 12:02 | Investigar | Feudal Age |
| 12:17 | Construir | Mill |
| 12:28 | Construir | Lumber Camp |
| 12:33 | Construir | Palisade Wall |
| 12:49 | Encolar | Villager (Male) |
| 13:09 | Construir | House |
| 13:10 | Construir | House |
| 13:31 | Construir | House |
| 13:46 | Construir | Palisade Wall |
| 13:59 | Encolar | Villager (Male) |
| 14:00 | Encolar | Villager (Male) |
| 14:13 | Edad | Edad Feudal |
| 14:17 | Construir | Market |
| 14:18 | Construir | Palisade Wall |
| 14:40 | Construir | Blacksmith |
| 15:20 | Construir | Mining Camp |
| 15:33 | Investigar | Castle Age |
| 15:47 | Investigar | Fletching |
| 15:54 | Investigar | Double-Bit Axe |
| 15:54 | Investigar | Double-Bit Axe |
| 16:01 | Construir | House |
| 16:16 | Construir | Outpost |
| 16:24 | Investigar | Stone Mining |
| 16:37 | Encolar | Villager (Male) |
| 16:58 | Encolar | Galley |
| 16:58 | Encolar | Galley |
| 17:05 | Encolar | Villager (Male) |
| 17:18 | Investigar | Gold Mining |
| 17:39 | Encolar | Villager (Male) |
| 18:04 | Encolar | Galley |
| 18:07 | Encolar | Villager (Male) |
| 18:13 | Edad | Edad de los Castillos |
| 18:15 | Encolar | Villager (Male) |
| 18:23 | Construir | Castle |
| 18:25 | Investigar | Bodkin Arrow |
| 19:40 | Construir | Town Center |
| 19:53 | Encolar | Villager (Male) |
| 19:54 | Encolar | Longbowman |
| 19:55 | Encolar | Longbowman |
| 19:55 | Encolar | Longbowman |
| 19:55 | Encolar | Longbowman |
| 19:55 | Encolar | Longbowman |
| 20:15 | Investigar | Padded Archer Armor |
| 20:25 | Encolar | Villager (Male) |
| 20:27 | Encolar | Longbowman |
| 20:56 | Encolar | Villager (Male) |
| 20:57 | Encolar | Villager (Male) |
| 21:12 | Encolar | Villager (Male) |
| 21:51 | Investigar | Wheelbarrow |
| 22:05 | Investigar | Leather Archer Armor |
| 22:17 | Construir | University |
| 22:54 | Encolar | Villager (Male) |
| 23:03 | Construir | Lumber Camp |
| 23:13 | Encolar | Longbowman |
| 23:14 | Encolar | Longbowman |
| 23:14 | Encolar | Longbowman |
| 23:18 | Encolar | Villager (Male) |
| 23:19 | Encolar | Villager (Male) |
| 23:19 | Encolar | Villager (Male) |
| 23:25 | Encolar | Villager (Male) |
| 23:44 | Encolar | Villager (Male) |
| 23:53 | Construir | Town Center |
| 24:03 | Encolar | Villager (Male) |
| 24:26 | Encolar | Villager (Male) |
| 24:31 | Construir | House |
| 24:35 | Encolar | Villager (Male) |
| 25:30 | Encolar | Longbowman |
| 25:30 | Encolar | Longbowman |
| 25:30 | Encolar | Longbowman |
| 25:30 | Encolar | Longbowman |
| 25:31 | Encolar | Longbowman |
| 25:43 | Encolar | Villager (Male) |
| 25:48 | Encolar | Longbowman |
| 25:48 | Encolar | Longbowman |
| 25:53 | Encolar | Villager (Male) |
| 26:06 | Construir | Town Center |
| 26:14 | Encolar | Villager (Male) |
| 26:14 | Encolar | Villager (Male) |
| 26:30 | Construir | Mining Camp |
| 26:33 | Encolar | Longbowman |
| 26:34 | Encolar | Longbowman |
| 26:34 | Encolar | Villager (Male) |
| 26:41 | Encolar | Villager (Male) |
Cronología de la partida
| 0:33 | 3szz · first_building Dock |
| 0:54 | flxpa21 · wall_segment Palisade Wall x1 |
| 1:01 | flxpa21 · first_building Dock |
| 1:05 | flxpa21 · wall_segment Palisade Wall x1 |
| 10:54 | 3szz · wall_segment Palisade Wall x1 |
| 12:33 | 3szz · wall_segment Palisade Wall x1 |
| 12:37 | flxpa21 · age_up feudal |
| 13:46 | 3szz · wall_segment Palisade Wall x7 |
| 14:03 | flxpa21 · first_market_sell 100 wood |
| 14:13 | 3szz · age_up feudal |
| 14:18 | 3szz · wall_segment Palisade Wall x1 |
| 17:22 | flxpa21 · age_up castle |
| 17:32 | flxpa21 · first_building Castle |
| 18:13 | 3szz · age_up castle |
| 18:23 | 3szz · first_building Castle |
| 19:28 | 3szz · first_market_buy 100 wood |
| 23:04 | flxpa21 · first_market_buy 100 food |
| 23:40 | 3szz · first_market_sell 100 wood |
| 24:34 | flxpa21 · first_building Barracks |
| 26:00 | flxpa21 · first_building Stable |
| 26:43 | flxpa21 · age_up imperial |
| 26:50 | 3szz · resign |
[ ANÁLISIS IA · 1 CRÉDITO ]
¿Qué pasó realmente en esta partida?
Wolo.gg analiza cada decisión: build order, eco, micro, errores típicos por bracket. Análisis personalizado por WhatsApp o Discord en 30 segundos.
Guía civ
Mongoles
Perfil
Jugador #23543003